 Dungeon Crawl Stone Soup version 0.21.1-1-g345015fe64 (webtiles) character file.

102 PikkenKukken the Skirmisher (level 4, -4/37 HPs)
             Began as a Demonspawn Abyssal Knight on June 23, 2018.
             Was a Follower of Lugonu.
             Slain by Sigmund
             ... wielding a +0 scythe
              (8 damage)
             ... on level 2 of the Dungeon.
             The game lasted 00:04:08 (2062 turns).

PikkenKukken the Skirmisher (DsAK)                  Turns: 2062, Time: 00:04:08

Health: -4/37      AC:  5    Str: 13    XL:     4   Next: 50%
Magic:  6/6        EV: 10    Int: 14    God:    Lugonu [*.....]
Gold:   201        SH:  0    Dex: 12    Spells: 3/3 levels left

rFire    + . .     SeeInvis .   a - +1 spear
rCold    . . .     Gourm    .   (no shield)
rNeg     . . .     Faith    .   i - +0 ring mail
rPois    .         Spirit   .   (no helmet)
rElec    .         Reflect  .   (no cloak)
rCorr    .         Harm     .   (no gloves)
MR       .....                  (no boots)
Stlth    +.........             (no amulet)
HPRegen  0.12/turn              (no ring)
MPRegen  0.10/turn              (no ring)

@: no status effects
A: demonic guardian 1, fire resistance 1, powered by pain 1, evolution 1
a: Depart the Abyss, Renounce Religion


You were on level 2 of the Dungeon.
You worshipped Lugonu.
Lugonu was aware of your devotion.
You were not hungry.

You visited 1 branch of the dungeon, and saw 2 of its levels.
You visited the Abyss 1 time.

You collected 201 gold pieces.

Inventory:

Hand Weapons
 a - a +1 spear (weapon)
Armour
 b - a +0 leather armour
 i - a +0 ring mail (worn)
Jewellery
 d - an uncursed ring of ice {unknown}
 g - a +2 ring of intelligence
 h - an uncursed ring of fire {unknown}
Scrolls
 e - a scroll of teleportation
Comestibles
 c - 2 rations
 j - 2 chunks of flesh


   Skills:
 + Level 4.2 Fighting
 + Level 2.5 Polearms
 + Level 2.7 Armour
 - Level 0.8 Dodging
 - Level 2.7 Invocations


You had 3 spell levels left.
You didn't know any spells.

Dungeon Overview and Level Annotations

Branches:
Dungeon (2/15)

Altars:
Nemelex Xobeh

Annotations:
D:2 Sigmund


Innate Abilities, Weirdness & Mutations

A weak demonic guardian rushes to your aid.
You sometimes gain a little power by taking damage.
Your flesh is heat resistant. (rF+)
You evolve.


Message History

Your quasit disappears in a puff of smoke!
Something hits you but does no damage.
Deactivating autopickup; reactivate with Ctrl-A.
You hit something. You hit something. Something hits you.
You miss something. Something hits you.
You hit something. You barely miss something.
You hear some strange, mumbled words.
Something tries to affect you, but you resist.
You closely miss something. Something hits you!
You hit something. Something hits you.
You barely miss something. You hit something. Something hits you.
* * * LOW HITPOINT WARNING * * *
You miss something. Something hits you!
* * * LOW HITPOINT WARNING * * *
You closely miss something. You hit something. Something hits you!
You die...

# #.
####.####
... >...
#.. ..#
#.##.#
#.#.#
##@.#
#{#.#
#.##.# ..#
#.#### #.#
#....#
#.#.### #.
####.#
#.##.#....
# #.#
#.##.#####
#.# #.##.#
#.# #.##.#


There were no monsters in sight!

Vanquished Creatures
  A crimson imp (Abyss:1)
  2 adders (D:2)
  An ooze (D:2)
  A worm (D:2)
  A dart slug (D:1)
  2 leopard geckos (D:2)
  An orc (D:2)
  4 bats
  3 goblins
  5 hobgoblins
  4 jackals (D:2)
  8 kobolds
  A frilled lizard (D:1)
  4 rats (D:1)
38 creatures vanquished.

Vanquished Creatures (others)
  An ufetubus (Abyss:1)
1 creature vanquished.

Grand Total: 39 creatures vanquished

Notes
Turn   | Place    | Note
-------+----------+-------------------------------------------
     0 | Abyss:1  | PikkenKukken the Demonspawn Abyssal Knight began the quest for the Orb.
     0 | Abyss:1  | Reached XP level 1. HP: 18/18 MP: 2/2
   181 | Abyss:1  | Noticed a crimson imp
   191 | Abyss:1  | Killed a crimson imp
   191 | Abyss:1  | Gained mutation: A weak demonic guardian rushes to your aid. [demonic ancestry]
   191 | Abyss:1  | Reached XP level 2. HP: 25/25 MP: 4/4
   191 | Abyss:1  | Reached XP level 3. HP: 30/30 MP: 5/5
   211 | Abyss:1  | Noticed a sixfirhy
   211 | Abyss:1  | Noticed a small abomination
   212 | D:1      | Escaped the Abyss
   279 | D:1      | Gained mutation: You evolve. [potion of mutation]
   279 | D:1      | Gained mutation: Your flesh is heat resistant. (rF+) [potion of mutation]
   323 | D:1      | Reached * piety under Lugonu
  1227 | D:2      | Reached skill level 4 in Fighting
  1469 | D:2      | Found a sparkling altar of Nemelex Xobeh.
  1517 | D:2      | Gained mutation: You sometimes gain a little power by taking damage. [demonic ancestry]
  1517 | D:2      | Reached XP level 4. HP: 11/37 MP: 6/6
  1534 | D:2      | HP: 1/37 [poisoned by an adder]
  1666 | D:2      | Found a faded altar of an unknown god.
  2022 | D:2      | Noticed Sigmund
  2062 | D:2      | Slain by Sigmund

Skill      XL: |  1  2  3 |
---------------+----------+-----
Polearms       | 2 |  2.5
Armour         | 2 |  2.7
Fighting       | 4 |  4.2
Dodging        | |  0.8
Invocations    | |  2.7

Action                   |  1- 3 |  4- 6 || total
-------------------------+-------+-------++-------
Melee: Spear             |    94 |    61 ||   155
Invok: Depart the Abyss  |     1 |       ||     1
  Use: Scroll            |     6 |       ||     6
       Potion            |     3 |     3 ||     6
  Eat: Chunk             |     1 |       ||     1
       Ration            |       |     1 ||     1
Armor: Leather armour    |    20 |     3 ||    23
       Ring mail         |       |    13 ||    13
Dodge: Dodged            |    28 |    25 ||    53
